 Dungeon Crawl Stone Soup version 0.22-a0-252-gcace5d2 (webtiles) character file.

38 tilp the Chiller (level 3, 0/24 HPs)
             Began as a Merfolk Ice Elementalist on Mar 2, 2018.
             Succumbed to an adder's poison
             ... on level 1 of the Dungeon.
             The game lasted 00:02:45 (761 turns).

tilp the Chiller (Merfolk Ice Elementalist)          Turns: 761, Time: 00:02:46

Health: 0/24       AC:  2    Str:  8    XL:     3   Next: 43%
Magic:  0/6        EV: 18    Int: 15    God:
Gold:   31         SH:  0    Dex: 19    Spells: 3/6 levels left

rFire    . . .     SeeInvis .   d - +0 club
rCold    . . .     Gourm    .   (no shield)
rNeg     . . .     Faith    .   a - +0 robe
rPois    .         Spirit   .   (no helmet)
rElec    .         Reflect  .   (no cloak)
rCorr    .         Harm     .   (no gloves)
MR       .....                  (no boots)
Stlth    +++.......             (no amulet)
HPRegen  0.08/turn              (no ring)
MPRegen  0.10/turn              (no ring)

@: agile, lethally poisoned (0 -> -8), very slightly contaminated
A: change form in water, swift swim, stealthy swim
a: no special abilities


You were on level 1 of the Dungeon.
You were not hungry.

You visited 1 branch of the dungeon, and saw 2 of its levels.

You collected 31 gold pieces.

Inventory:

Hand Weapons
 d - a +0 club (weapon)
 h - a +0 hunting sling
Missiles
 g - 27 stones (quivered)
Armour
 a - a +0 robe (worn)
 e - a +0 buckler
Scrolls
 f - a scroll of noise {unknown}
 j - a scroll of teleportation {unknown}
Potions
 i - a potion of brilliance {unknown}
 k - a potion of berserk rage {unknown}
 l - a potion of agility
Comestibles
 b - a chunk of flesh
 c - 4 rations


   Skills:
 - Level 2.6 Dodging
 - Level 2.1 Stealth
 - Level 2.0 Spellcasting
 - Level 0.7 Conjurations
 + Level 4.8 Ice Magic


You had 3 spell levels left.
You knew the following spells:

 Your Spells              Type           Power        Failure   Level  Hunger
a - Freeze                Ice            ###.         3%          1    #......
b - Throw Frost           Conj/Ice       #.....       11%         2    ###....


Dungeon Overview and Level Annotations

Branches:
Dungeon (2/15)

Altars:


Message History

* * * LOW HITPOINT WARNING * * *
You climb upwards.
There is a stone staircase leading down here.
Unknown command.
The adder closely misses you. The adder completely misses you.
Casting: Freeze (safe; 3% risk of failure)
Confirm with . or Enter, or press ? or * to list all spells.
Aiming: Freeze (safe; 3% risk of failure)
Press: ? - help, Shift-Dir - straight line, f - adder
Aim: an adder You miscast Freeze.
You are very lightly contaminated with residual magic.
Nothing appears to happen.
The adder bites you.
* * * LOW HITPOINT WARNING * * *
You are lethally poisoned!
The adder poisons you! The adder bites you but does no damage.
Unknown command.
It was a potion of agility.
You feel agile all of a sudden.
You die...

##########...###
#...............
#.####......#### #
#.###..##.. ####
########.# #..##.#
#....##....<...#
#..##.#
#...S.#####.###......
####S######......##..
#@#...รท..##...##..
#.#..##.......##..
#.#..##...###.##..
#........## ....
#.#..##.## ##.#.
#.#.....# #.#.
#.##.##.# ##.#.
#.##.###.# ##....
#..... ..# #.....


You could see 2 adders.

Vanquished Creatures
  An adder (D:2)
  A dart slug (D:1)
  3 leopard geckos (D:1)
  A ball python (D:1)
  A giant cockroach (D:1)
  2 goblins (D:1)
  2 hobgoblins (D:1)
  4 jackals (D:2)
  A kobold (D:1)
  4 bats
  A frilled lizard (D:1)
  A rat (D:1)
22 creatures vanquished.

Notes
Turn   | Place    | Note
-------+----------+-------------------------------------------
     0 | D:1      | tilp the Merfolk Ice Elementalist began the quest for the Orb.
     0 | D:1      | Reached XP level 1. HP: 13/13 MP: 3/3
   224 | D:1      | Reached XP level 2. HP: 18/19 MP: 1/5
   231 | D:1      | Learned a level 2 spell: Throw Frost
   311 | D:1      | Reached skill level 4 in Ice Magic
   697 | D:1      | You fall through a shaft!
   707 | D:2      | Reached XP level 3. HP: 21/24 MP: 4/6
   760 | D:1      | HP: 1/24 [adder (2)]
   761 | D:1      | Succumbed to an adder's poison

Vault maps used:
D:1:      dpeg_arrival_tiny_j, nrook_loot_triangle

Skill      XL: |  1  2 |
---------------+-------+-----
Ice Magic      | 4 |  4.8
Dodging        | |  2.6
Stealth        | |  2.1
Spellcasting   | |  2.0
Conjurations   | |  0.7

Action                   || total
-------------------------++-------
Melee: Unarmed           ||     2
       Club              ||     5
Throw: Stone             ||    31
 Cast: Freeze            ||    37
  Use: Potion            ||     1
Armor: Robe              ||    10
Dodge: Dodged            ||    59

Table legend:
 A = Spawn XP
 B = Non-spawn XP
 C = Spawn XP percentage of total XP
 D = Spawn monster count
 E = Non-spawn monster count
 F = Spawn count percentage of total count
 G = Total turns spent on level
                    A         B        C        D         E        F      G
               +---------+---------+-------+---------+---------+-------+---------
         Total |       0 |      55 |   0.0 |       0 |      22 |   0.0 |   761
               +---------+---------+-------+---------+---------+-------+---------
           D:1 |       0 |      32 |   0.0 |       0 |      16 |   0.0 |   701
           D:2 |       0 |      23 |   0.0 |       0 |       6 |   0.0 |    60
               +---------+---------+-------+---------+---------+-------+---------
